 Dungeon Crawl Stone Soup version 0.20-a0-984-ge8aa303 (webtiles) character file.

1576 inmateoo the Cleaver (level 9, 0/69 HPs)
             Began as a Formicid Fighter on Apr 10, 2017.
             Was a Believer of Okawaru.
             Slain by an orc warrior
             ... wielding a +0 mace
              (7 damage)
             ... on level 7 of the Dungeon.
             The game lasted 00:07:53 (5475 turns).

inmateoo the Cleaver (Formicid Fighter)             Turns: 5475, Time: 00:07:54

Health: 0/69       AC:  9    Str: 23    XL:     9   Next: 14%
Magic:  12/13      EV: 12    Int:  7    God:    Okawaru [**....]
Gold:   118        SH: 11    Dex: 10    Spells: 8/8 levels left

rFire    . . .     SeeInvis +   a - +0 war axe
rCold    . . .     Gourm    .   c - +0 shield
rNeg     . . .     Faith    .   b - +0 scale mail
rPois    .         Spirit   .   (helmet unavailable)
rElec    .         Reflect  .   (no cloak)
rCorr    .         Harm     +   (no gloves)
MR       +....                  i - +0 pair of boots
Stlth    +.........             s - amulet of harm
Regen    0.3/turn               (no ring)
MPRegen  0.2/turn               (no ring)

@: heroism
A: permanent stasis, dig shafts and tunnels, four strong arms, antennae 3, dopey
1, high mp 1, magic resistance 1, screaming 1, evolution 2
a: Dig, Shaft Self, Heroism, Renounce Religion


You were on level 7 of the Dungeon.
You worshipped Okawaru.
Okawaru was pleased with you.
You were not hungry.

You visited 1 branch of the dungeon, and saw 7 of its levels.
You also visited: Sewer.

You collected 251 gold pieces.
You spent 133 gold pieces at shops.

Inventory:

Hand Weapons
 a - a +0 war axe (weapon)
Armour
 b - a +0 scale mail (worn)
 c - a +0 shield (worn)
 i - a +0 pair of boots (worn)
Jewellery
 s - an amulet of harm (around neck)
Wands
 n - a wand of lightning (4/15)
Scrolls
 h - 2 scrolls of immolation
 j - a scroll of remove curse
 u - a scroll of magic mapping
Potions
 d - 2 potions of might
 e - 2 potions of magic
 l - 2 potions of invisibility
 m - a potion of ambrosia
 o - 2 potions of degeneration {unknown}
 p - a potion of brilliance
 q - a potion of lignification
 r - 2 potions of resistance
 x - a potion of cancellation
 z - 3 potions of agility
Comestibles
 f - 4 bread rations
 g - 2 fruits
 k - a royal jelly


   Skills:
 - Level 6.0(11.0) Fighting
 * Level 8.7(13.7) Axes
 - Level 4.2(9.2) Armour
 - Level 4.3(9.3) Shields
 + Level 4.3 Invocations


You had 8 spell levels left.
You didn't know any spells.

Dungeon Overview and Level Annotations

Branches:
Dungeon (7/15)             Temple (0/1) D:6

Altars:
Ashenzari
Fedhas
Kikubaaqudgha
Okawaru
Wu Jian

Shops:
D:6 ?

Annotations:
D:3 inmateoo's ghost, amateur FoFi


Innate Abilities, Weirdness & Mutations

You cannot be hasted, slowed, berserked, paralysed or teleported.
You can dig through walls and to a lower floor.
Your four strong arms can wield two-handed weapons with a shield.
You have a pair of large antennae on your head. (SInv)
You are dopey. (Int -2)
You have an increased reservoir of magic. (+10% MP)
You are resistant to hostile enchantments. (MR+)
You occasionally shout uncontrollably at your foes.
You rapidly evolve.


Message History

The orc warrior hits you with a mace!
* * * LOW HITPOINT WARNING * * *
You block the orc's attack.
Unknown command.
Press: ? - help, v - describe, . - travel
Here: an orc, wielding a vampiric hand axe and wearing a leather armour The floor.
You hit the orc.
The orc is moderately wounded.
You closely miss the orc warrior.
Unknown command.
You slash the orc!
You kill the orc!
Okawaru accepts your kill.
You closely miss the orc warrior. You block the orc warrior's attack.
You hit the orc warrior but do no damage.
The orc warrior is severely wounded.
You block the orc warrior's attack. The orc warrior hits you with a mace.
You die...

#. . .##
# ..#
##.###.##
#....%..#
#....)))#
#(o# #.
#@.#
#..###..#
#......##
#.......#
#######.#
#.# #.#
#.# #.#


You could see an orc warrior.

Vanquished Creatures
  Duvessa (D:5)
  A necrophage (D:5)
  An ogre (D:6)
  A centaur (D:5)
  A bullfrog (D:6)
  Dowan (D:5)
  A water moccasin zombie (D:5)
  A scorpion (D:6)
  3 howler monkeys (D:7)
  2 crimson imps (D:6)
  2 centaur zombies
  2 hounds
  6 orc wizards
  An iguana (D:5)
  4 worker ants
  3 hound zombies (D:5)
  A hound skeleton (D:6)
  3 gnolls
  10 adders
  3 river rats (Sewer)
  3 shadow imps (D:5)
  2 oozes
  2 adder skeletons
  5 adder zombies (D:5)
  2 worms
  2 leopard geckos
  15 orcs
  5 ball pythons
  10 giant cockroaches
  12 hobgoblins
  4 jackals (D:6)
  5 quokkas
  9 bats
  11 frilled lizards
  16 goblins
  7 kobolds
  A leopard gecko skeleton (D:5)
  A leopard gecko zombie (D:5)
  3 quokka skeletons
  A quokka zombie (D:6)
  10 rats
174 creatures vanquished.

Notes
Turn   | Place    | Note
-------+----------+-------------------------------------------
     0 | D:1      | inmateoo the Formicid Fighter began the quest for the Orb.
     0 | D:1      | Reached XP level 1. HP: 18/18 MP: 1/1
   183 | D:1      | Reached XP level 2. HP: 24/24 MP: 2/2
   889 | D:2      | Reached XP level 3. HP: 29/29 MP: 3/3
  1189 | D:2      | Found an iron altar of Okawaru.
  1206 | D:2      | Became a worshipper of Warmaster Okawaru
  1247 | D:2      | Reached skill level 3 in Axes
  1247 | D:2      | Reached XP level 4. HP: 31/37 MP: 4/4
  2119 | D:3      | Reached XP level 5. HP: 34/42 MP: 5/5
  2623 | D:3      | Noticed inmateoo's ghost (amateur FoFi)
  2635 | D:4      | Reached skill level 4 in Axes
  2635 | D:4      | Reached XP level 6. HP: 43/49 MP: 6/6
  2673 | D:4      | Found a glowing drain.
  2685 | Sewer    | Entered a sewer
  3105 | Sewer    | Gained mutation: You occasionally shout uncontrollably at your foes. [potion of mutation]
  3105 | Sewer    | Gained mutation: You evolve. [potion of mutation]
  3105 | Sewer    | Gained mutation: You are resistant to hostile enchantments. (MR+) [potion of mutation]
  3105 | Sewer    | Gained mutation: You rapidly evolve. [potion of mutation]
  3184 | D:4      | Reached * piety under Okawaru
  3309 | D:4      | Reached skill level 5 in Fighting
  3634 | D:4      | Found an ancient bone altar of Kikubaaqudgha.
  3635 | D:4      | Found a blossoming altar of Fedhas.
  3667 | D:4      | Gained mutation: You are dopey. (Int -2) [evolution]
  3763 | D:5      | Entered Level 5 of the Dungeon
  3785 | D:5      | Reached skill level 5 in Axes
  3785 | D:5      | Reached XP level 7. HP: 39/56 MP: 7/7
  3909 | D:5      | Found a shattered altar of Ashenzari.
  4113 | D:5      | Noticed Duvessa
  4113 | D:5      | Noticed Dowan
  4123 | D:5      | Killed Duvessa
  4123 | D:5      | Reached skill level 6 in Axes
  4131 | D:5      | Killed Dowan
  4152 | D:5      | Reached XP level 8. HP: 61/64 MP: 8/8
  4243 | D:5      | Reached skill level 1 in Invocations
  4389 | D:5      | Reached ** piety under Okawaru
  4571 | D:5      | Reached skill level 7 in Axes
  4673 | D:6      | Found Feajaam's Magic Scroll Emporium.
  4676 | D:6      | Bought a scroll of identify for 28 gold pieces
  4676 | D:6      | Bought a scroll of identify for 28 gold pieces
  4676 | D:6      | Bought a scroll of magic mapping for 49 gold pieces
  4676 | D:6      | Bought a scroll of identify for 28 gold pieces
  4812 | D:6      | Found a staircase to the Ecumenical Temple.
  4859 | D:6      | Gained mutation: You have an increased reservoir of magic. (+10% MP) [evolution]
  4986 | D:6      | Found an ornate altar of the Wu Jian Council.
  5091 | D:6      | Reached skill level 8 in Axes
  5384 | D:7      | Reached XP level 9. HP: 69/69 MP: 13/13
  5475 | D:7      | Slain by an orc warrior

Vault maps used:
D:1:      nicolae_arrival_somewhat_less_tricky_arrival, minmay_fountain_box
D:2:      okawaru_altar_gauntlet_db, minmay_goblin_outpost
D:3:      regret_index_temple_of_mockery, first_bread
D:4:      grunt_temple_overflow_growth_and_decay, gup_sewer_entry_glass,
          hangedman_abyss_or_decor_lesser_grid
D:5:      serial_undead, serial_undead_a, serial_undead_e, serial_undead_e,
          serial_undead_e, nicolae_ashenzari_panopticon, uniq_duvessa
D:6:      kennysheep_little_box, minmay_temple_entry_fiery, serial_shops,
          nicolae_shop_behind_doors
D:7:      serial_shops, kennysheep_mini_moat, uniq_crazy_yiuf_cottage
Sewer:    sewer_co_cracked_pipes

Skill      XL: |  1  2  3  4  5  6  7  8  9 |
---------------+----------------------------+-----
Axes           | 3 4 5 6 8 |  8.7
Fighting       | 4 5 6 |  6.0
Shields        | 4 |  4.3
Armour         | 4 |  4.2
Invocations    | 3 4 |  4.3

Action                   |  1- 3 |  4- 6 |  7- 9 || total
-------------------------+-------+-------+-------++-------
Melee: War axe           |   115 |   232 |   243 ||   590
Invok: Heroism           |       |       |     2 ||     2
 Abil: Dig               |     1 |     5 |       ||     6
  Use: Scroll            |     2 |     5 |    15 ||    22
       Potion            |       |     1 |       ||     1
  Eat: Chunk             |     1 |     8 |     6 ||    15
       Royal jelly       |       |       |     1 ||     1
Armor: Scale mail        |    49 |   107 |    83 ||   239
Dodge: Dodged            |    52 |    76 |    72 ||   200
Block: Shield            |    71 |   142 |   112 ||   325
